 Dungeon Crawl Stone Soup version 0.23-a0-714-g00c90a0c22 (webtiles) character file.

193 Hercules1031 the Slasher (level 5, -6/64 HPs)
             Began as a Gnoll Wanderer on Jan 16, 2019.
             Mangled by Edmund
             ... wielding a +6 dire flail of protection
              (10 damage)
             ... on level 4 of the Dungeon.
             The game lasted 00:06:07 (2963 turns).

Hercules1031 the Slasher (Gnoll Wanderer)           Turns: 2963, Time: 00:06:07

Health: -6/64      AC: 22    Str: 16    XL:     5   Next: 72%
Magic:  8/8        EV:  2    Int: 13    God:
Gold:   169        SH:  0    Dex: 15    Spells: 7/7 levels left

rFire    . . .     SeeInvis .   c - +0 falchion
rCold    . . .     Gourm    .   (no shield)
rNeg     + + +     Faith    .   (armour currently unavailable)
rPois    +         Spirit   .   (helmet currently unavailable)
rElec    .         Reflect  .   (cloak currently unavailable)
rCorr    .         Harm     .   (gloves currently unavailable)
MR       .....     NoTele   +   (boots currently unavailable)
Stlth    ++........             (no amulet)
HPRegen  0.20/turn              s - ring of flight
MPRegen  0.11/turn              (no ring)

@: tree-form, hasted, very quick
A: distributed training, strong nose
a: no special abilities


You were on level 4 of the Dungeon.
You were not hungry.
You were a tree.
You visited 1 branch of the dungeon, and saw 4 of its levels.

You collected 169 gold pieces.

Inventory:

Hand Weapons
 c - a +0 falchion (weapon)
 r - a +3 dagger
Armour
 a - a +2 leather armour (melded)
 t - a +0 chain mail
Jewellery
 s - a ring of flight (left branch)
Wands
 u - a wand of random effects (23)
Scrolls
 f - 2 scrolls of identify
 g - 6 scrolls of remove curse
 h - a scroll of enchant armour {unknown}
 j - 2 scrolls of teleportation {unknown}
 l - 2 scrolls of immolation {unknown}
 m - a scroll of random uselessness {unknown}
 o - a scroll of enchant weapon {unknown}
 q - a scroll of fear {unknown}
Potions
 e - a potion of haste
 i - a potion of magic {unknown}
 k - a potion of agility {unknown}
 n - a potion of might
 p - a potion of flight
Comestibles
 d - 4 rations


   Skills:
 + Level 4.8 Fighting
 + Level 1.6 Short Blades
 + Level 6.7 Long Blades
 + Level 1.6 Axes
 + Level 1.6 Maces & Flails
 + Level 1.6 Polearms
 + Level 1.6 Staves
 + Level 1.6 Slings
 + Level 1.6 Bows
 + Level 1.6 Crossbows
 + Level 1.6 Throwing
 + Level 4.8 Armour
 + Level 3.0 Dodging
 + Level 1.6 Stealth
 + Level 1.6 Shields
 + Level 1.6 Unarmed Combat
 + Level 1.6 Spellcasting
 + Level 1.2 Conjurations
 + Level 1.2 Hexes
 + Level 1.2 Charms
 + Level 1.2 Summonings
 + Level 1.2 Necromancy
 + Level 1.2 Translocations
 + Level 1.2 Transmutations
 + Level 1.2 Fire Magic
 + Level 1.2 Ice Magic
 + Level 1.2 Air Magic
 + Level 1.2 Earth Magic
 + Level 1.2 Poison Magic
 + Level 1.8 Invocations
 + Level 4.8 Evocations


You had 7 spell levels left.
You didn't know any spells.
Your spell library was empty.

Dungeon Overview and Level Annotations

Branches:
Dungeon (4/15)
 Temple: D:4-7

Altars:
Fedhas
Hepliaklqana
Nemelex Xobeh
Qazlal
Wu Jian
Xom

Annotations:
D:3 exclusion: oklob plant
D:4 Edmund


Innate Abilities, Weirdness & Mutations

Your experience applies equally to all skills.
((You have very sharp teeth.))
Your uncanny sense of smell can sniff out nearby items.


Message History

Edmund barely misses you.
You closely miss Edmund.
Edmund is lightly wounded.
Edmund grinds his teeth, and then sighs.
Edmund hits you with a +6 dire flail of protection!
You hit Edmund but do no damage.
Edmund is lightly wounded.
Edmund hits you with a +6 dire flail of protection.
You hit Edmund but do no damage.
Edmund is lightly wounded.
Edmund grinds his teeth, and then sighs.
Edmund hits you with a +6 dire flail of protection!
* * * LOW HITPOINT WARNING * * *
You feel yourself speed up.
You turn into a tree.
Your +2 leather armour melds into your body.
Your roots penetrate the ground.
Edmund grinds his teeth, and then sighs.
Edmund hits you with a +6 dire flail of protection!
You die...

#### ..# ### ∆
###.###...#
#####..<......#
#.....#...#####
#.♣####)#.#
##@# #>#... #..
... ###
#####.#.# #. ..
## ###


You could see Edmund.

Vanquished Creatures
  An ogre (D:4)
  Terence (D:3)
  2 adders
  2 oozes
  2 worms
  2 dart slugs
  A ball python (D:2)
  A giant cockroach (D:1)
  5 goblins
  7 hobgoblins
  3 jackals (D:2)
  5 kobolds
  2 quokkas (D:2)
  5 bats
  3 frilled lizards
  5 rats
47 creatures vanquished.

Notes
Turn   | Place    | Note
-------+----------+-------------------------------------------
     0 | D:1      | Hercules1031 the Gnoll Wanderer began the quest for the
                  | Orb.
     0 | D:1      | Hercules1031 set off with the following items: a +2 leather
                  | armour, a potion of lignification, a +0 falchion, a ration
     0 | D:1      | Reached XP level 1. HP: 20/20 MP: 3/3
   144 | D:1      | Reached XP level 2. HP: 26/26 MP: 5/5
   694 | D:2      | Found a shimmering altar of Xom.
   694 | D:2      | Found a sparkling altar of Nemelex Xobeh.
   696 | D:2      | Found a blossoming altar of Fedhas.
   779 | D:2      | Reached XP level 3. HP: 19/31 MP: 6/6
  1019 | D:2      | Reached skill level 1 in Invocations
  1353 | D:3      | Reached skill level 1 in Short Blades
  1353 | D:3      | Reached skill level 1 in Axes
  1353 | D:3      | Reached skill level 1 in Maces & Flails
  1353 | D:3      | Reached skill level 1 in Polearms
  1353 | D:3      | Reached skill level 1 in Staves
  1353 | D:3      | Reached skill level 1 in Slings
  1353 | D:3      | Reached skill level 1 in Bows
  1353 | D:3      | Reached skill level 1 in Crossbows
  1353 | D:3      | Reached skill level 1 in Throwing
  1353 | D:3      | Reached skill level 1 in Stealth
  1353 | D:3      | Reached skill level 1 in Shields
  1353 | D:3      | Reached skill level 1 in Unarmed Combat
  1353 | D:3      | Reached skill level 1 in Spellcasting
  1388 | D:3      | Reached XP level 4. HP: 12/38 MP: 7/7
  1785 | D:3      | Found a stormy altar of Qazlal.
  1785 | D:3      | Found a faded altar of an unknown god.
  1794 | D:3      | Found a hazy altar of Hepliaklqana.
  1796 | D:3      | Found an ornate altar of the Wu Jian Council.
  1798 | D:3      | Found a faded altar of an unknown god.
  1877 | D:3      | Found a blossoming altar of Fedhas.
  1895 | D:3      | Noticed an oklob plant
  2210 | D:3      | Noticed Terence
  2228 | D:3      | Killed Terence
  2228 | D:3      | Reached skill level 1 in Conjurations
  2228 | D:3      | Reached skill level 1 in Hexes
  2228 | D:3      | Reached skill level 1 in Charms
  2228 | D:3      | Reached skill level 1 in Summonings
  2228 | D:3      | Reached skill level 1 in Necromancy
  2228 | D:3      | Reached skill level 1 in Translocations
  2228 | D:3      | Reached skill level 1 in Transmutations
  2228 | D:3      | Reached skill level 1 in Fire Magic
  2228 | D:3      | Reached skill level 1 in Ice Magic
  2228 | D:3      | Reached skill level 1 in Air Magic
  2228 | D:3      | Reached skill level 1 in Earth Magic
  2228 | D:3      | Reached skill level 1 in Poison Magic
  2456 | D:4      | Noticed an ogre
  2471 | D:4      | Killed an ogre
  2471 | D:4      | Reached XP level 5. HP: 11/43 MP: 8/8
  2946 | D:4      | Noticed Edmund
  2961 | D:4      | HP: 2/43 [Edmund/+6 dire flail of protection (13)]
  2963 | D:4      | Mangled by Edmund

Vault maps used:
D:1:      scummos_arrival_hexagon, st_stairs_13
D:2:      chequers_temple_overflow_statue_of_worship
D:3:      chequers_temple_overflow_minitemple, first_ration,
          supply_closet_lemuel, tgw_fedhas, uniq_terence
D:4:      grunt_temple_overflow_holy_war, nicolae_overflow_hidden_temple,
          grunt_dithmenos_smoke, lemuel_round_altar, serial_shops,
          kennysheep_mini, shop, nicolae_shop_trees, nicolae_shop_stone,
          st_stairs_6, uniq_eustachio, uniq_edmund, uniq_menkaure

Skill      XL: |  1  2  3  4 |
---------------+-------------+-----
Invocations    | 1 |  1.8
Short Blades   | 1 |  1.6
Axes           | 1 |  1.6
Maces & Flails | 1 |  1.6
Polearms       | 1 |  1.6
Staves         | 1 |  1.6
Slings         | 1 |  1.6
Bows           | 1 |  1.6
Crossbows      | 1 |  1.6
Throwing       | 1 |  1.6
Stealth        | 1 |  1.6
Shields        | 1 |  1.6
Unarmed Combat | 1 |  1.6
Spellcasting   | 1 |  1.6
Conjurations   | 1 |  1.2
Hexes          | 1 |  1.2
Charms         | 1 |  1.2
Summonings     | 1 |  1.2
Necromancy     | 1 |  1.2
Translocations | 1 |  1.2
Transmutations | 1 |  1.2
Fire Magic     | 1 |  1.2
Ice Magic      | 1 |  1.2
Air Magic      | 1 |  1.2
Earth Magic    | 1 |  1.2
Poison Magic   | 1 |  1.2
Dodging        | 3 |  3.0
Fighting       | |  4.8
Long Blades    | |  6.7
Armour         | |  4.8
Evocations     | |  4.8

Action                   |  1- 3 |  4- 6 || total
-------------------------+-------+-------++-------
Melee: Falchion          |    99 |    75 ||   174
       Bite              |    14 |    16 ||    30
  Use: Potion            |       |     7 ||     7
       Scroll            |       |     2 ||     2
 Stab: Sleeping          |       |     1 ||     1
  Eat: Ration            |     1 |     1 ||     2
Armor: Leather armour    |    37 |    17 ||    54
       Skin              |       |     2 ||     2
Dodge: Dodged            |    57 |    27 ||    84
       Rpst.: Falchion   |    11 |    13 ||    24

Table legend:
 A = Non-vault XP
 B = Vault XP
 C = Vault XP percentage of total XP
 D = Non-vault monster count
 E = Vault monster count
 F = Vault count percentage of total count
                 A         B        C        D         E       F
            +---------+---------+-------+---------+---------+-------
      Total |     239 |      37 |  13.4 |      45 |       2 |   4.3
            +---------+---------+-------+---------+---------+-------
        D:1 |      20 |       1 |   4.8 |      11 |       1 |   8.3
        D:2 |      49 |       0 |   0.0 |      15 |       0 |   0.0
        D:3 |      49 |      36 |  42.4 |      18 |       1 |   5.3
        D:4 |     121 |       0 |   0.0 |       1 |       0 |   0.0
            +---------+---------+-------+---------+---------+-------
